[Event "Late-Titled-Tuesday-Blitz-September-12-2023"]
[Site "Chess.com"]
[Date "2023.09.12"]
[Round "7"]
[White "BigAl"]
[Black "Igor_Lysyj"]
[Result "0-1"]
[WhiteElo "2544"]
[BlackElo "2828"]
[TimeControl "180+1"]
[EndTime "15:14:43 PDT"]
[Termination "Igor_Lysyj won by resignation"]

1. Nf3 d5 2. g3 Nf6 3. Bg2 e6 4.
O-O Be7 5. d3 O-O 6. Nbd2 c5 7.
e4 Nc6 8. Re1 Qc7 9. e5 Nd7 10.
Qe2 b5 11. Nf1 Bb7 12. Bf4 Rfc8 13. h4 a5 14. N1h2 Qd8 15. c3 a4 16. a3 h6 17.
Rad1 Rab8 18. Kh1 Na5 19. Ng4 Bf8 20. Ngh2 Nb3 21. g4 d4 22. g5 h5 23. g6 fxg6 24. Rg1 Be7 25. Ng5 Nf8 26. Bxb7 Rxb7 27. Rg2 Qd5 28. Nhf3 Bxg5 29. Nxg5 Rcc7 30. Kh2 Rd7 31. Ne4 Rf7 32. Bg3 Rbd7 33. Nd6 Qf3 34. Qe1 g5 35.
Nxf7 Rxf7 36. hxg5 Ng6 37. Qe4 Qxe4 38. dxe4 h4 39.
Bxh4 Nxh4 40. Rg4 Nf3+ 41. Kg3 Nxe5 42. Rf4 Rxf4 43. Kxf4 Nc4 44. g6 Nxb2 45. Rh1 Nd3+ 46. Kg5 dxc3 47. Rh3 c2 48. Rxd3 c1=Q+ 49. f4 Nd4 50. e5 Qg1+ 51. Kh5 Qh2+ 52. Kg4 Qe2+ 53.
Kg5 Qxd3 54. f5 Qxf5+ 0-1

[Event "Late-Titled-Tuesday-Blitz-September-12-2023"]
[Site "Chess.com"]
[Date "2023.09.12"]
[Round "7"]
[White "Eloist"]
[Black "DryCounty"]
[Result "0-1"]
[WhiteElo "2493"]
[BlackElo "2664"]
[TimeControl "180+1"]
[EndTime "15:14:43 PDT"]
[Termination "DryCounty won on time"]

1. e4 c5 2. Nf3 d6 3. Bb5+ Bd7 4. Bxd7+ Nxd7 5. O-O Ngf6 6. Qe2 e6 7. d4 cxd4 8. Nxd4 Be7 9. c4 O-O 10. Nc3 a6 11.
Be3 Rc8 12. Rac1 Qa5 13. f4 Qh5 14. Qxh5 Nxh5 15. g4 Nhf6 16. g5 Ng4 17. Bd2 Rxc4 18. Nde2 d5 19. exd5 b5 20. dxe6 fxe6 21. Kg2 e5 22. h3 exf4 23. hxg4 Bxg5 24. Ng1 f3+ 25. Nxf3 Bxd2 26. Nxd2 Rxg4+ 27. Kh3 Rxf1 28. Rxf1 Rd4 29.
Nb3 Rd3+ 30. Kg2 g5 31. Rf5 h6 32. Rd5 Rxd5 33. Nxd5 Kf7 34. Nc7 Nb8 35. Nc5 a5 36. Nxb5 Kf6 37. a4 Ke5 38. Nb3 Nc6 39. Kg3 Kd5 40.
Nd2 Kc5 41. Kg4 Kb4 42. b3 Ne5+ 43. Kh5 g4 44. Nd4 Kc3 45. Nc4 Nxc4 46. Nb5+ Kxb3 47. Kxg4 Kxa4 48. Nc3+ Kb4 49. Nd5+ Kb3 50. Kh5 a4 51. Nf4 a3 52. Nd3 Kc3 53. Nc1 Kc2 54. Na2 Kb2 55.
Nb4 Kb3 56. Nd3 Kc3 57. Nc1 Na5 58. Kxh6 Nc6 59. Kg5 Kc2 60. Na2 Kb2 0-1

[Event "Late-Titled-Tuesday-Blitz-September-12-2023"]
[Site "Chess.com"]
[Date "2023.09.12"]
[Round "7"]
[White "TanitoluwaAps116"]
[Black "newyorkmouse"]
[Result "1-0"]
[WhiteElo "2699"]
[BlackElo "2464"]
[TimeControl "180+1"]
[EndTime "15:14:45 PDT"]
[Termination "TanitoluwaAps116 won by checkmate"]

1. e4 g6 2. d4 Bg7 3. Nc3 d6 4. Be3 f5 5. exf5 Bxf5 6. g4 Bd7 7. Bg2 Nc6 8. h3 e5 9. Nf3 exd4 10. Nxd4 Nf6 11.
Qd2 O-O 12. O-O-O Ne5 13. Qe2 Qe7 14. g5 Nh5 15. Nd5 Qd8 16. Rhe1 c6 17. f4 cxd5 18.
fxe5 dxe5 19. Bxd5+ Kh8 20. Nb3 Qc8 21. Nc5 Nf4 22.
Bxf4 exf4 23. Qf2 Bf5 24. c3 b6 25. Bxa8 Qxa8 26. Ne6 Bxe6 27. Rxe6 Qc8 28. Rde1 a5 29. Qf3 a4 30. a3 Qd8 31. Kc2 Qxg5 32. Rxb6 Qf5+ 33. Re4 Re8 34. Rb4 Bf8 35. Rd4 Rc8 36.
Qxf4 Qc5 37. Qf6+ Bg7 38. Rd8+ Rxd8 39. Qxd8+ Bf8 40. Qf6+ Kg8 41. Qe6+ Kg7 42. Qe5+ Qxe5 43. Rxe5 Kf6 44. Re4 Bd6 45. Rxa4 g5 46. Re4 h5 47. Kd3 Kf5 48. a4 Bf4 49. a5 g4 50. hxg4+ hxg4 51. Re8 g3 52. Rf8+ Kg4 53. Rg8+ Bg5 54. Ke2 Kf4 55.
Rxg5 Kxg5 56. Kf3 Kh4 57. Kg2 Kg4 58. a6 Kf4 59. a7 Ke3 60. a8=Q Kd2 61. Qf3 Kc1 62.
c4 Kc2 63. c5 Kb1 64. c6 Ka2 65. c7 Ka1 66. b4 Kb1 67. b5 Kb2 68. b6 Kc2 69. b7 Kc1 70. c8=R+ Kd2 71. Rc4 Ke1 72. Rc3 Kd2 73. Qe3+ Kd1 74. Rc1# 1-0

[Event "Late-Titled-Tuesday-Blitz-September-12-2023"]
[Site "Chess.com"]
[Date "2023.09.12"]
[Round "7"]
[White "kaanadayhamle"]
[Black "arminmusovic"]
[Result "1/2-1/2"]
[WhiteElo "2428"]
[BlackElo "2529"]
[TimeControl "180+1"]
[EndTime "15:14:46 PDT"]
[Termination "Game drawn - insufficient material"]

1. Nf3 Nf6 2. g3 g5 3. Nxg5 d5 4. d4 c5 5. c3 Nc6 6. Bg2 h5 7. h4 Ng4 8. dxc5 e6 9. e4 Bxc5 10. O-O d4 11. cxd4 Qxd4 12. Qxd4 Nxd4 13. Nc3 b5 14. Nf3 Rb8 15. Bf4 Rb6 16. Rad1 Nxf3+ 17. Bxf3 e5 18. Bxg4 Bxg4 19. Bxe5 O-O 20. Rd5 Rc8 21. Bd4 Bxd4 22. Rxd4 Kf8 23. f3 Be6 24. Rfd1 b4 25. Nd5 Bxd5 26. Rxd5 Rc2 27. R5d2 b3 28. axb3 Rxd2 29. Rxd2 Rxb3 30. Kf2 Ke7 31. Ke2 a5 32. Kf2 a4 33. Kg2 Ke6 34. Kf2 f6 35. Ke2 Ke7 36.
Kf2 Ke6 37. Kg2 Ke7 38. Rf2 Ke6 39. Kf1 Ke5 40. Kg2 Kd4 41. Rd2+ Ke3 42. Rc2 Kd3 43. Rf2 Ke3 44. Kg1 Kd3 45. g4 hxg4 46. fxg4 Kxe4 47.
h5 Rg3+ 48. Rg2 Rd3 49. Kh2 Kf4 50. h6 Kg5 51. h7 Rd8 52. Kg3 Rh8 53. Rh2 Kg6 54.
Kf4 Rxh7 55. Rxh7 Kxh7 56. g5 fxg5+ 57. Kxg5 Kg7 58. Kf4 Kf6 59. Ke4 Ke6 60. Kd4 a3 61. bxa3 Kd6 62. a4 Kc6 63. Kc4 Kb7 64. Kb4 Ka7 65. Kb5 Kb7 66. Ka5 Ka7 67. Kb5 Kb7 68. a5 Ka7 69. Kc6 Ka6 70. Kc5 Kxa5 1/2-1/2

[Event "Late-Titled-Tuesday-Blitz-September-12-2023"]
[Site "Chess.com"]
[Date "2023.09.12"]
[Round "7"]
[White "valemava"]
[Black "malakismayil"]
[Result "0-1"]
[WhiteElo "2357"]
[BlackElo "2515"]
[TimeControl "180+1"]
[EndTime "15:14:48 PDT"]
[Termination "malakismayil won on time"]

1. c4 e5 2. a3 Nf6 3. b4 d5 4.
cxd5 Nxd5 5. Bb2 Bd6 6. Nf3 Qe7 7. Nc3 Nxc3 8. Bxc3 O-O 9. e3 a5 10. b5 a4 11. d4 e4 12. Nd2 Bxa3 13. Qc2 Bf5 14.
Bc4 Nd7 15. O-O Nb6 16. Qa2 Bd6 17. d5 Qh4 18. g3 Qh3 19. Rfc1 h5 20. Bf1 Qg4 21.
Nc4 Nxc4 22. Qxc4 h4 23. Qe2 Qg5 24. Bg2 Bg4 25. Qd2 Bf3 26. Bb4 Bxg2 27. Kxg2 Qg4 28. Bxd6 Qf3+ 29. Kf1 cxd6 30. Ke1 Rfc8 31. Qe2 Qf5 32.
Qd2 Rxc1+ 33. Rxc1 a3 34. Ra1 Qf3 35. Qe2 Qh1+ 36.
Qf1 Qxh2 37. gxh4 Qxh4 38. Kd2 Qf6 39. Ra2 Qd8 40. Qc4 Qa5+ 41. Ke2 Qa4 42. Qxa4 Rxa4 43. Kd2 Rb4 44. Rxa3 Rxb5 45. Kc3 Rxd5 46. Ra4 f5 47. Rb4 b5 48. Kc2 Kf7 49. Rb3 Ke6 50. Ra3 Rc5+ 51. Kd2 b4 52. Ra7 g6 53. Rb7 Rc4 54. Rb6 Ke5 55. Rb5+ d5 56. Rb6 g5 57. Rb8 f4 58.
Re8+ Kf5 59. Rf8+ Kg4 60. Rg8 b3 0-1

[Event "Late-Titled-Tuesday-Blitz-September-12-2023"]
[Site "Chess.com"]
[Date "2023.09.12"]
[Round "7"]
[White "Rinqed222"]
[Black "queen_iryna"]
[Result "1/2-1/2"]
[WhiteElo "2234"]
[BlackElo "2342"]
[TimeControl "180+1"]
[EndTime "15:14:48 PDT"]
[Termination "Game drawn by agreement"]

1. e4 d6 2. d4 Nf6 3. Nc3 e5 4. Nge2 Nc6 5. h3 Be7 6. g4 O-O 7. Be3 Re8 8. Bg2 Bf8 9. d5 Ne7 10. Ng3 Ng6 11. Qd2 c6 12. O-O-O cxd5 13. exd5 a6 14.
g5 Nd7 15. h4 b5 16. h5 Ne7 17. Be4 b4 18. Nb1 Nc5 19. Bxc5 dxc5 20. d6 Rb8 21. dxe7 Qxe7 22. Bc6 Bg4 23. Bxe8 Bxd1 24. Bxf7+ Qxf7 25. Rxd1 Qxa2 26. Qd5+ Qxd5 27. Rxd5 Re8 28. Nd2 Kf7 29. Nc4 Be7 30. Rxe5 g6 31. hxg6+ hxg6 32. f4 Rh8 33. Ne4 Rh4 34. Ned6+ Kf8 35. Rxc5 Rxf4 36.
Rc8+ Kg7 37. Rc7 Kf8 38. Rc8+ Kg7 39. Ne8+ Kf7 40. Ncd6+ Ke6 41. Rc6 Kd7 42. Rc7+ Ke6 43. Ra7 Bxg5 44. Kd1 Rd4+ 45. Ke2 Rd5 46. Rxa6 Kd7 47.
Kf3 Rd2 48. c3 bxc3 49. bxc3 Be7 50. Ra7+ Ke6 51. Ne4 Rd3+ 52. Kg4 Re3 53. Kf4 Re1 54.
Ra6+ Kf7 55. N8d6+ Bxd6+ 56. Nxd6+ Ke6 57. Ne4+ Kd5 58. Rd6+ Kc4 59. Rc6+ Kd5 60. Rxg6 Rxe4+ 61. Kf3 Rc4 62. Rg5+ Kd6 63. Rg6+ Kd5 64. Rg5+ Kd6 65. Ke3 Rxc3+ 66. Kd4 Ra3 67. Rg6+ Ke7 68. Ke5 1/2-1/2

[Event "Late-Titled-Tuesday-Blitz-September-12-2023"]
[Site "Chess.com"]
[Date "2023.09.12"]
[Round "7"]
[White "HajiyevKanan"]
[Black "Casper"]
[Result "0-1"]
[WhiteElo "2499"]
[BlackElo "2479"]
[TimeControl "180+1"]
[EndTime "15:14:53 PDT"]
[Termination "Casper won by resignation"]

1. d4 Nf6 2. Nf3 g6 3. c4 Bg7 4. g3 O-O 5. Bg2 c6 6. O-O d6 7. b3 Qa5 8. Qd2 Qh5 9. Qg5 Qxg5 10. Bxg5 Ne4 11. Bf4 c5 12. Rd1 Nc6 13. Be3 Bg4 14. Rd3 Nb4 15. Na3 Nxd3 16. exd3 Bxf3 17. Bxf3 cxd4 18.
Bxe4 dxe3 19. Rd1 exf2+ 20. Kxf2 Bd4+ 21. Kf3 Rab8 22. Nb5 Bb6 23. d4 a6 24. Nc3 e6 25. h4 f5 26. Bc2 Rbe8 27. b4 e5 28.
dxe5 dxe5 29. Nd5 Bd4 30. c5 Kg7 31. Bb3 h6 32. Nc7 Kf6 33. Nxe8+ Rxe8 34. Bd5 Re7 35. a4 e4+ 36. Ke2 Ke5 37. Bc4 g5 38. hxg5 hxg5 39.
Rh1 f4 40. gxf4+ gxf4 41. Rh5+ Kf6 42. Bd5 f3+ 43. Kf1 Bc3 44. b5 axb5 45. axb5 Bd4 46. c6 Rg7 47. Rh1 bxc6 48. Bxe4 f2 49. Rh6+ Ke5 50.
Bg2 cxb5 51. Rh5+ Kf4 52. Rxb5 Re7 53. Rb1 Ke3 54. Rb3+ Kd2 55. Rb2+ Bxb2 56. Kxf2 Bd4+ 57. Kf3 Rf7+ 58. Kg3 Ke3 59. Bd5 Rg7+ 60. Kh4 Bf6+ 61. Kh5 Rg5+ 62. Kh6 Rxd5 63. Kg6 0-1

[Event "Late-Titled-Tuesday-Blitz-September-12-2023"]
[Site "Chess.com"]
[Date "2023.09.12"]
[Round "7"]
[White "Dewarfd"]
[Black "falzehope0"]
[Result "1/2-1/2"]
[WhiteElo "2201"]
[BlackElo "2369"]
[TimeControl "180+1"]
[EndTime "15:14:53 PDT"]
[Termination "Game drawn - insufficient material"]

1. d4 d6 2. e3 Nf6 3. Nf3 Nbd7 4.
Be2 e5 5. dxe5 dxe5 6. O-O Be7 7. c4 O-O 8. a3 Re8 9. b4 c6 10. Bb2 Qc7 11. c5 Bd8 12. Nbd2 Nf8 13. Nc4 Ng6 14. Nd6 Re7 15. Bc4 Be6 16. Nxe5 Nxe5 17. Bxe5 Bxc4 18. Nxc4 Rxe5 19. Nxe5 Qxe5 20. Qf3 Bc7 21. g3 Rd8 22. Rad1 Rd5 23. Qf4 Qe7 24. Qf3 Qd7 25. Rxd5 Qxd5 26. Qxd5 Nxd5 27. Rd1 Nf6 28. f3 Kf8 29. e4 Ke7 30.
Kf2 g5 31. Ke3 h5 32. a4 Ke6 33. b5 Nd7 34. bxc6 bxc6 35. Rc1 Ba5 36. Kd4 Bc7 37. Rb1 Ne5 38. f4 gxf4 39. gxf4 Nf3+ 40. Ke3 Nxh2 41.
Rb7 Kd7 42. Rxa7 Kc8 43. Ra8+ Bb8 44. Ra6 Bc7 45. Rxc6 Kd7 46. Ra6 h4 47. e5 h3 48.
Kf2 Ng4+ 49. Kg3 h2 50. Kg2 Kc8 51. e6 fxe6 52. Rxe6 Bxf4 53. Rg6 Ne3+ 54. Kh1 Nd1 55. Rg8+ Kc7 56. Rh8 Nf2+ 57. Kg2 h1=Q+ 58. Rxh1 Nxh1 59. Kxh1 Be3 60. Kg2 Bxc5 61. Kf3 Kb6 62. Ke4 Ka5 63. Kd5 Bf2 64. Kc4 Kxa4 1/2-1/2

[Event "Late-Titled-Tuesday-Blitz-September-12-2023"]
[Site "Chess.com"]
[Date "2023.09.12"]
[Round "7"]
[White "AndreiITrifan"]
[Black "maksimys18"]
[Result "1-0"]
[WhiteElo "2652"]
[BlackElo "2492"]
[TimeControl "180+1"]
[EndTime "15:14:54 PDT"]
[Termination "AndreiITrifan won by checkmate"]

1. Nf3 e6 2. c4 d5 3. e3 Nf6 4. b3 Be7 5. Bb2 O-O 6. Nc3 b6 7. cxd5 exd5 8. Be2 Be6 9. O-O c6 10. Qc2 Nbd7 11. Rac1 Rc8 12. Rfd1 h6 13. Qb1 Bd6 14. h3 Qe7 15. d4 Bb8 16. Bf1 Rfe8 17.
Ne2 Nf8 18. Nf4 Bxf4 19. exf4 Qd6 20. Ne5 N6d7 21. g3 Nxe5 22. dxe5 Qd7 23. Kh2 Bf5 24.
Qa1 Ng6 25. g4 Bxg4 26. hxg4 Qxg4 27. Rd3 Nxf4 28. Rg3 Qh4+ 29. Kg1 Re6 30. Re1 Nh5 31. Rg2 Nf4 32. Rg3 Rce8 33. Ree3 g5 34. Ref3 Rg6 35. Qc1 Nh5 36. Rh3 Qg4+ 37. Kh1 Nf4 38. Rfg3 Qf5 39. Rh2 h5 40. Qe3 h4 41. Rg1 c5 42.
Bh3 Nxh3 43. Qxh3 Qe4+ 44. f3 Qf4 45. Rhg2 d4 46. Bc1 Qxe5 47. Rxg5 Qf6 48. Qxh4 Qxf3+ 49. R1g2 Qf1+ 50. Kh2 Re6 51. Bf4 Qf3 52. Be5 Rxe5 53.
Rxg6+ fxg6 54. Rxg6+ Kf7 55. Qh7+ Ke8 56. Rg8+ Qf8 57.
Rxf8+ Kxf8 58. Qh8+ Ke7 59. Qxe5+ Kd7 60. Qd5+ Kc7 61.
Kg3 a5 62. Kf4 Kb8 63. Ke5 Ka7 64. Kd6 Ka6 65. Kc7 Kb5 66. Qc4# 1-0

[Event "Late-Titled-Tuesday-Blitz-September-12-2023"]
[Site "Chess.com"]
[Date "2023.09.12"]
[Round "7"]
[White "Maksimus1998"]
[Black "SaqoChess_Twitch"]
[Result "1-0"]
[WhiteElo "2577"]
[BlackElo "2711"]
[TimeControl "180+1"]
[EndTime "15:14:56 PDT"]
[Termination "Maksimus1998 won by checkmate"]

1. d4 d5 2. Bf4 Nf6 3. e3 e6 4. Bd3 c5 5. c3 Nc6 6. Nd2 cxd4 7.
cxd4 Bd6 8. Bxd6 Qxd6 9. f4 O-O 10. Ngf3 Nb4 11. Bb1 Qa6 12. Qe2 Qxe2+ 13. Kxe2 b6 14. a3 Ba6+ 15. Kd1 Nd3 16. Bxd3 Bxd3 17. Ne5 Be4 18.
Nxe4 Nxe4 19. Ke2 Rfc8 20. Rhc1 Kf8 21. Nc6 Rc7 22. Rc2 Rac8 23. Rac1 Ke8 24. a4 a5 25.
Kd3 Nd6 26. b3 f6 27. Na7 Rxc2 28. Rxc2 Rxc2 29. Kxc2 Kd7 30. Kd3 h5 31. g3 g5 32.
Nb5 Nxb5 33. axb5 Ke7 34. Ke2 Kf7 35. Kf3 g4+ 36. Ke2 Kg6 37. Kd3 Kf5 38. e4+ Kg6 39. Ke3 Kf7 40. exd5 exd5 41. Kd3 Ke7 42. Ke3 Ke6 43. Kd3 Kd7 44. Ke3 Kd6 45. Kd3 Kc7 46. Ke3 Kd8 47. Kd3 Ke7 48. Ke3 Kf7 49. Kd3 Kg6 50. Ke3 Kf5 51. Kd3 Ke6 52. Ke3 f5 53. Kd3 h4 54. gxh4 Kf6 55. Ke3 Kg6 56. Kf2 Kh6 57.
Kg2 Kg6 58. h3 Kh6 59. hxg4 fxg4 60. Kg3 Kh5 61. f5 Kh6 62. Kxg4 Kg7 63. Kg5 Kf7 64. f6 Kf8 65. Kf5 Kf7 66. h5 Kf8 67. h6 Kf7 68. h7 a4 69. bxa4 Ke8 70. h8=Q+ Kd7 71. f7 Kd6 72. f8=Q+ Kc7 73. Qhg7# 1-0

[Event "Late-Titled-Tuesday-Blitz-September-12-2023"]
[Site "Chess.com"]
[Date "2023.09.12"]
[Round "7"]
[White "Chessdemon2019"]
[Black "MathiasCasalaspro"]
[Result "0-1"]
[WhiteElo "2374"]
[BlackElo "2260"]
[TimeControl "180+1"]
[EndTime "15:14:57 PDT"]
[Termination "MathiasCasalaspro won by resignation"]

1. e4 c6 2. d4 d5 3. Nc3 dxe4 4.
Nxe4 Nf6 5. Nxf6+ exf6 6. Be3 Bd6 7. Qd2 O-O 8. Bd3 Be6 9. Nf3 Nd7 10. c3 Re8 11.
O-O Qc7 12. h3 Nf8 13. c4 Ng6 14. d5 cxd5 15. cxd5 Bxd5 16. Bxg6 Bxf3 17. Rac1 Qd7 18. gxf3 hxg6 19. Rfd1 Rad8 20. Bf4 Bxf4 21. Qxf4 Qxd1+ 22. Rxd1 Rxd1+ 23. Kg2 Ree1 24. Qb8+ Kh7 25. Qxb7 Rg1+ 26. Kh2 Rh1+ 27. Kg3 g5 28. f4 Rdg1+ 29. Kf3 Rxh3+ 30.
Ke2 gxf4 31. Qxa7 f3+ 32. Kd2 Rh2 33. Qe3 Rgg2 34. Qe4+ g6 35. Qb7 Rxf2+ 36. Ke3 Kg7 37. b4 Rxa2 38. Kxf3 Rhb2 39. b5 Ra3+ 40. Ke4 Rab3 41.
Qc7 Rxb5 42. Kf3 Rf5+ 43. Ke3 Rbb5 44. Ke4 Rbe5+ 45. Kd4 Rf4+ 46. Kd3 g5 47. Kd2 Rd4+ 48. Kc3 Rdd5 49. Qb6 f5 50. Kc4 g4 51. Qf2 Kg6 52.
Qh4 Ra5 53. Qh8 Re4+ 54. Kd3 Rd5+ 55. Kc3 Rde5 56. Qg8+ Kf6 57. Qf8 Kg5 58. Qxf7 Re3+ 59. Kd4 R5e4+ 60. Kd5 Kf4 61. Qg6 g3 62. Qh6+ Kf3 63.
Qg5 Re5+ 64. Kd4 f4 65. Qg6 R5e4+ 66. Kd5 Kf2 67. Qa6 g2 68. Qa2+ Re2 69. Qa7+ R4e3 70.
Qa4 f3 71. Qh4+ Kf1 72. Kd4 Re4+ 73. Qxe4 Rxe4+ 74. Kxe4 g1=Q 75. Kxf3 Qg2+ 76. Ke3 Qg3+ 0-1

[Event "Late-Titled-Tuesday-Blitz-September-12-2023"]
[Site "Chess.com"]
[Date "2023.09.12"]
[Round "7"]
[White "Mikhal867"]
[Black "Hilary46"]
[Result "1-0"]
[WhiteElo "2452"]
[BlackElo "2539"]
[TimeControl "180+1"]
[EndTime "15:15:02 PDT"]
[Termination "Mikhal867 won on time"]

1. c4 Nf6 2. Nc3 e6 3. e4 d5 4. e5 d4 5. exf6 dxc3 6. bxc3 Qxf6 7. d4 e5 8. Nf3 Nc6 9. Be2 exd4 10. cxd4 Bb4+ 11. Bd2 Bxd2+ 12. Qxd2 Bg4 13. Qe3+ Qe7 14. Qxe7+ Kxe7 15. O-O-O Rad8 16. Rhe1 Kf8 17. h3 Bh5 18. d5 Nb8 19. Nd4 Bxe2 20. Rxe2 a6 21. Rde1 g6 22. Re7 Nd7 23. Nf3 h6 24. Nd4 Rg8 25. Kc2 g5 26. c5 Nxc5 27. Rxc7 Rxd5 28. Kc3 Kg7 29. Ree7 Rxd4 30. Kxd4 b6 31. Rxf7+ Kg6 32. Rfe7 Kf6 33.
Rh7 Ne6+ 34. Ke3 Nxc7 35. Rxc7 Re8+ 36. Kf3 Re6 37. Ra7 a5 38. g3 Kf5 39. h4 g4+ 40.
Kg2 Ke4 41. Rg7 Kf5 42. Rf7+ Ke5 43. Rf4 Rg6 44. Rc4 Kd5 45. Rf4 b5 46. f3 Ke5 47.
fxg4 Kd5 48. Kh3 b4 49. Rf5+ Kc4 50. Rxa5 Rd6 51. Ra8 Rd1 52. g5 hxg5 53. h5 Rh1+ 54. Kg4 Kd5 55. Kxg5 Ke6 56. g4 Kf7 57. Rb8 Rb1 58. Rb7+ Kg8 59. Kg6 Kf8 60. g5 Rc1 61. Rb8+ Ke7 62. h6 Rc6+ 63. Kh5 1-0

[Event "Late-Titled-Tuesday-Blitz-September-12-2023"]
[Site "Chess.com"]
[Date "2023.09.12"]
[Round "7"]
[White "Korchmar_Vasiliy"]
[Black "zverr1"]
[Result "1-0"]
[WhiteElo "2705"]
[BlackElo "2495"]
[TimeControl "180+1"]
[EndTime "15:15:04 PDT"]
[Termination "Korchmar_Vasiliy won by resignation"]

1. e4 c5 2. d4 cxd4 3. Qxd4 Nc6 4. Qd3 Nf6 5. Nc3 g6 6. Nf3 Bg7 7. Be2 O-O 8. O-O d6 9. Nd5 Ng4 10. c3 Bd7 11. Bg5 h6 12. Bh4 g5 13. Bg3 Rc8 14.
Rad1 Nge5 15. Nxe5 Nxe5 16. Qd2 Nc4 17. Bxc4 Rxc4 18. Nxe7+ Qxe7 19. Bxd6 Qxe4 20. Bxf8 Bc6 21. f3 Qe5 22. Bxg7 Kxg7 23. Rfe1 Qc5+ 24. Qe3 Qf5 25. Qe5+ Qxe5 26. Rxe5 Ra4 27. a3 Ra6 28. Kf2 Rb6 29.
Rd2 Ra6 30. Rd4 Kf6 31. Rc5 Rb6 32. Rb4 Ra6 33. h4 Kg6 34. Ke3 f6 35. hxg5 hxg5 36. g4 Kf7 37. f4 gxf4+ 38. Rxf4 Ke6 39. Rcf5 Rb6 40. Rxf6+ Ke7 41. Rf7+ Ke8 42. Rf2 Rb5 43. R7f5 Rb6 44. Re5+ Kd7 45. Rd2+ Kc7 46. Re7+ Kc8 47. g5 Ba4 48. Kf4 a6 49. Kf5 Rb5+ 50.
Kf6 Rb6+ 51. Re6 Rb5 52. g6 Bb3 53. Re8+ Kc7 54. g7 Rb6+ 55. Kg5 Rb5+ 56. Kf4 Rh5 57. g8=Q Bxg8 58. Rxg8 Kb6 59. Rg7 Ka5 60. Rxb7 Ka4 61. Ke4 Rh8 62. b3+ Kxa3 63. c4 a5 64. c5 Rc8 65.
Rc2 a4 66. bxa4 Rc6 67. Kd5 Ra6 68. c6 Ra5+ 69. Kd6 Rxa4 70. Rc3+ Ka2 71. c7 Rd4+ 72. Kc5 Ra4 73. c8=Q Ra5+ 74. Kb6 Ra4 75. Rc2+ Ka1 76.
Rc1+ Ka2 77. Qc2+ Ka3 78. Ra1+ 1-0

[Event "Late-Titled-Tuesday-Blitz-September-12-2023"]
[Site "Chess.com"]
[Date "2023.09.12"]
[Round "7"]
[White "temus_galaktionov"]
[Black "Alex_Banzea"]
[Result "0-1"]
[WhiteElo "2823"]
[BlackElo "2667"]
[TimeControl "180+1"]
[EndTime "15:15:11 PDT"]
[Termination "Alex_Banzea won by checkmate"]

1. d4 d5 2. Nf3 Nf6 3. c4 e6 4.
Nc3 a6 5. cxd5 exd5 6. Bg5 Be6 7. e3 Nbd7 8. Bd3 Bd6 9. O-O c6 10. h3 h6 11. Bf4 Qc7 12. Qd2 O-O 13. Rfc1 Nh5 14. Bxd6 Qxd6 15. b4 Nhf6 16. a4 b5 17. a5 Qxb4 18. Ne4 Qxd2 19. Nexd2 Rac8 20. Nb3 Ne4 21. Rc2 c5 22. dxc5 Ndxc5 23. Nxc5 Nxc5 24. Bf1 Nb3 25. Rxc8 Rxc8 26. Ra3 d4 27. Kh2 dxe3 28.
fxe3 Rc1 29. Be2 Ra1 30. Rxa1 Nxa1 31. Nd4 Bd5 32. Bg4 b4 33. Be2 b3 34. Bxa6 Be4 35.
Ne2 b2 36. Nc3 Nb3 37. Bc4 Nxa5 38. Ba2 Bd3 39. Kg3 Nc4 40. Bb1 Bxb1 41. Nxb1 Nxe3 42. Kf3 Nc4 43. Ke4 Nb6 44. Kd4 f5 45. Kc3 Kf7 46.
Kxb2 Kf6 47. Kc2 Ke5 48. Kd3 Kf4 49. Ke2 Kg3 50. Kf1 Nc4 51. Nc3 Ne3+ 52. Kg1 Nxg2 53. Ne2+ Kxh3 54. Kf2 g5 55. Nd4 Nh4 56. Ne6 Kg4 57.
Nc5 f4 58. Ne4 Kf5 59. Nd6+ Kg4 60. Ne4 Nf5 61. Nf6+ Kh3 62. Kf3 Nh4+ 63. Ke4 f3 64. Ke3 Kg2 65. Ne4 Nf5+ 66. Kd2 f2 67. Nc3 f1=Q 68.
Kc2 Qf2+ 69. Kb3 Qe3 70. Kc4 Qxc3+ 71. Kxc3 h5 72. Kd3 h4 73. Ke4 h3 74. Kxf5 h2 75. Kxg5 h1=Q 76. Kf5 Qh3+ 77. Ke5 Qh4 78. Kd5 Kf3 79. Kc6 Ke4 80. Kb6 Kd5 81. Ka7 Kc6 82.
Ka8 Qh7 83. Kb8 Qb7# 0-1

[Event "Late-Titled-Tuesday-Blitz-September-12-2023"]
[Site "Chess.com"]
[Date "2023.09.12"]
[Round "7"]
[White "younix2022"]
[Black "HrvojeZagreb"]
[Result "0-1"]
[WhiteElo "2056"]
[BlackElo "2277"]
[TimeControl "180+1"]
[EndTime "15:15:14 PDT"]
[Termination "HrvojeZagreb won by resignation"]

1. Nf3 f5 2. e4 fxe4 3. Ng5 Nf6 4. d3 e5 5. Nc3 d6 6. Ncxe4 Bf5 7. Nxf6+ Qxf6 8. Ne4 Qf7 9. Bg5 Nc6 10. c3 Be7 11.
Bxe7 Nxe7 12. Qb3 Qxb3 13. axb3 a6 14. Be2 O-O 15. O-O Nd5 16. g3 h6 17. b4 Nf6 18.
f3 Nd5 19. Kf2 g5 20. Ra5 Be6 21. Ke1 b6 22. Ra2 a5 23. bxa5 Rxa5 24. Rxa5 bxa5 25. Kd2 Rb8 26. Kc1 Kg7 27. Nd2 a4 28. Nc4 Nb6 29.
Na3 Bb3 30. d4 exd4 31. cxd4 Re8 32. Bd3 Re3 33. Kd2 Re7 34. Re1 Rxe1 35. Kxe1 c6 36. Kd2 Kf6 37. Kc3 Nd5+ 38. Kd2 h5 39. Bc4 Bxc4 40.
Nxc4 Ke6 41. Kd3 Ke7 42. Ne3 Nf6 43. Nf5+ Ke6 44. Ng7+ Kd5 45. f4 gxf4 46. gxf4 h4 47. Nf5 h3 48. Ne7+ Ke6 49. Nxc6 Ng4 50. Ke4 Nxh2 51. d5+ Kd7 52. f5 Ng4 53. Kf3 Nf6 54. Nd4 Nxd5 55. Kg3 Nb4 56. Kxh3 Nd3 57. b3 a3 58. Nc2 a2 59. Kg4 Nb4 60. Na1 Nd5 61. Kg5 Ke7 62. Kg6 Nf6 63. b4 d5 64. b5 d4 65. b6 Nd7 66. b7 d3 67. f6+ Kf8 68. Nb3 Nb8 69. Nc5 a1=Q 70. Ne6+ Ke8 71. f7+ Kd7 72.
f8=Q Kxe6 73. Qg8+ Kd6 74. Qh8 Qxh8 0-1

[Event "Late-Titled-Tuesday-Blitz-September-12-2023"]
[Site "Chess.com"]
[Date "2023.09.12"]
[Round "7"]
[White "Msb2"]
[Black "Fandorine"]
[Result "1/2-1/2"]
[WhiteElo "3087"]
[BlackElo "2901"]
[TimeControl "180+1"]
[EndTime "15:15:20 PDT"]
[Termination "Game drawn - insufficient material"]

1. d4 Nf6 2. c4 e6 3. Nc3 d5 4. cxd5 exd5 5. Bg5 c6 6. e3 h6 7. Bf4 Bd6 8. Bxd6 Qxd6 9. Bd3 O-O 10. Nge2 Re8 11.
Qd2 a5 12. f3 b5 13. a3 Ba6 14.
O-O Nbd7 15. Ng3 b4 16. axb4 Bxd3 17. Qxd3 axb4 18. Na4 g6 19. b3 h5 20. Rac1 Re6 21. e4 dxe4 22. Nxe4 Nxe4 23. fxe4 Ne5 24. Qd1 Ng4 25. e5 Qe7 26. Qf3 Rd8 27. Qf4 f6 28. h3 fxe5 29. Qg3 Nh6 30. dxe5 h4 31. Qf4 Nf5 32.
Rfe1 Rd4 33. Qf3 Rxe5 34. Rxe5 Qxe5 35. Qxc6 Qe3+ 36. Kh1 Kg7 37. Qc8 Re4 38. Rc7+ Re7 39. Rxe7+ Qxe7 40. Qc1 Qe5 41. Qb2 Qxb2 42. Nxb2 Nd4 43.
Nd3 Nxb3 44. Nxb4 Nd4 45. Nd5 Nf5 46. Kg1 g5 47. Kf2 Kf7 48. Nc3 Kg6 49. Kf3 Nh6 50. Ne4 Kf5 51. Nd6+ Kg6 52. Ke4 g4 53. Kf4 gxh3 54.
gxh3 Nf7 55. Ne4 Nh6 56. Nd2 Nf7 57. Nf3 Kh5 58. Kf5 Nd6+ 59. Kf4 Nf7 60. Kf5 Nd6+ 61. Ke5 Ne8 62. Nd4 Ng7 63. Kf6 Ne8+ 64. Kf5 Nd6+ 65. Ke5 Nc4+ 66. Kf4 Nd6 67. Ne6 Nc4 68. Ng7+ Kg6 69. Nf5 Kh5 70. Ne7 Nd6 71. Nd5 Kg6 72. Kg4 Ne4 73. Nf4+ Kh6 74. Nd3 Ng5 75. Kxh4 Nxh3 1/2-1/2

[Event "Late-Titled-Tuesday-Blitz-September-12-2023"]
[Site "Chess.com"]
[Date "2023.09.12"]
[Round "7"]
[White "likantrophuss"]
[Black "mbojan"]
[Result "1/2-1/2"]
[WhiteElo "2607"]
[BlackElo "2767"]
[TimeControl "180+1"]
[EndTime "15:15:20 PDT"]
[Termination "Game drawn by 50-move rule"]

1. Nf3 g6 2. g3 Bg7 3. Bg2 d6 4.
d4 e5 5. dxe5 dxe5 6. Qxd8+ Kxd8 7. Nc3 Be6 8. Ng5 c6 9. Nxe6+ fxe6 10. Bh3 Ke7 11. Bg5+ Nf6 12. Ne4 Nd7 13. O-O-O Rad8 14. Rd3 h6 15. Bxf6+ Nxf6 16. Nc5 h5 17. Rxd8 Rxd8 18.
Nxe6 Bh6+ 19. e3 Rd5 20. Rd1 Ne4 21. Rxd5 cxd5 22. Nc7 Kd6 23. Nxd5 Nxf2 24. Bg2 Ng4 25.
h3 Nxe3 26. Nxe3 Bxe3+ 27. Kd1 Bf2 28. g4 b6 29. gxh5 gxh5 30. Bf3 h4 31. Ke2 Bg3 32.
Kd3 Ke6 33. Ke4 Bf4 34. b3 Kd6 35. c3 Kc5 36. Kd3 Bg3 37. Be4 Be1 38. Bf3 Kd6 39. Be4 Ke6 40. Ke3 Bxc3 41. Kf3 Be1 42. Ke3 Kd6 43. Kd3 Kc5 44. a3 Bg3 45. Kc3 Bf4 46.
b4+ Kd6 47. Kc4 Bc1 48. a4 Bd2 49. Kb5 Ke6 50. a5 bxa5 51. bxa5 Kf6 52. a6 Kg5 53.
Kc6 Kf4 54. Kd5 Bc3 55. Bd3 Kg3 56. Bf5 Bd4 57. Ke4 Kf2 58. Be6 Ke2 59. Bf5 Kf2 60.
Be6 Kg2 61. Bc8 Kg3 62. Be6 Bc3 63. Bc8 Bb2 64. Bd7 Ba1 65. Bc8 Kf2 66. Bd7 Ke2 67. Bc8 Kd2 68. Bd7 Bd4 69. Bc8 Kc3 70. Bd7 Kc4 71. Bc8 Kc5 72. Be6 Kd6 73. Bc4 Ke7 74. Be2 Kf6 75. Bf1 Kg5 76. Bc4 Kh6 77. Bd3 Kg7 78.
Be2 Kf8 79. Bd3 Ke7 80. Be2 Kd8 81. Bd3 Kc7 82. Be2 Kb6 83. Bd3 Ka5 84. Be2 Kb4 85. Bd3 Kc3 86. Bb5 Kd2 87. Bd7 Ke1 88. Bc8 Kf2 89. Bd7 Kg2 90. Bc8 Kh1 91. Bd7 Kh2 92. Bc8 Kg1 93. Bd7 Kf1 94. Bc8 Ke1 95. Bd7 Kd1 96. Bc8 Kd2 97. Bd7 Kc3 98. Bc8 Kc4 99. Bg4 Kc5 100. Be2 Kb6 101. Bd3 Ka5 102. Be2 1/2-1/2